 Dungeon Crawl Stone Soup version 0.22-a0-93-g6b88ebb (webtiles) character file.

29946 Zhenya24pyc the Fighter (level 13, 0/85 HPs)
             Began as a Gargoyle Fighter on Jan 23, 2018.
             Was a High Priest of Okawaru.
             Slain by a skeletal warrior
             ... wielding a +1 scimitar of slicing
             ... led by a death knight
              (4 damage)
             ... on level 14 of the Dungeon.
             The game lasted 00:49:08 (14846 turns).

Zhenya24pyc the Fighter (Gargoyle Fighter)         Turns: 14846, Time: 00:49:09

Health: 0/85       AC: 28    Str: 23    XL:     13   Next: 48%
Magic:  17/17      EV: 12    Int: 14    God:    Okawaru [*****.]
Gold:   928        SH: 12    Dex: 10    Spells: 12/12 levels left

rFire    . . .     SeeInvis .   J - +2 morningstar of Pifor {venom, rN+ Int+2}
rCold    . . .     Gourm    .   c - +0 shield
rNeg     + + .     Faith    .   b - +0 scale mail
rPois    ∞         Spirit   .   E - +0 helmet
rElec    +         Reflect  .   (no cloak)
rCorr    .         Harm     .   (no gloves)
MR       .....                  y - +2 pair of boots {Fly}
Stlth    ..........             i - amulet of rage
HPRegen  0.24/turn              m - +5 ring of protection
MPRegen  0.15/turn              z - ring of Qosmal {Int+2 Slay+3}

@: no status effects
A: negative energy resistance 1, electricity resistance, unbreathing,
petrification resistance, rot immunity, AC +9
a: Heroism, Finesse, Renounce Religion, Evoke Berserk Rage, Evoke Flight


You were on level 14 of the Dungeon.
You worshipped Okawaru.
Okawaru was extremely pleased with you.
You were not hungry.

You visited 1 branch of the dungeon, and saw 14 of its levels.
You also visited: Sewer.

You collected 928 gold pieces.

Inventory:

Hand Weapons
 q - a +1 antimagic morningstar
 D - a +1 flail of crushing
 H - the +6 eveningstar of Hufue {drain, rN++ Dex-2}
   (Okawaru gifted it to you on level 13 of the Dungeon)

   A truly terrible weapon, it drains the life of those it strikes.
   It affects your dexterity (-2).
   It greatly protects you from negative energy.
 J - the +2 morningstar of Pifor (weapon) {venom, rN+ Int+2}
   (Okawaru gifted it to you on level 14 of the Dungeon)

   It poisons the flesh of those it strikes.
   It affects your intelligence (+2).
   It protects you from negative energy.
Armour
 b - a +0 scale mail (worn)
 c - a +0 shield (worn)
 y - a +2 pair of boots of flying (worn)
 E - a +0 helmet (worn)
Jewellery
 i - an amulet of rage (around neck)
 m - a +5 ring of protection (left hand)
 z - the ring of Qosmal (right hand) {Int+2 Slay+3}
   (You found it on level 12 of the Dungeon)

   [ring of slaying]

   It affects your intelligence (+2).
   It affects your accuracy and damage with ranged weapons and melee attacks
   (+3).
Wands
 l - a wand of digging (38)
 n - a wand of paralysis (22)
 p - a wand of flame (42)
Scrolls
 e - 5 scrolls of blinking
 g - 3 scrolls of teleportation
 h - 2 scrolls of immolation
 j - 2 scrolls of enchant weapon
 o - a scroll of summoning {unknown}
 r - a scroll of torment {unknown}
 u - 4 scrolls of remove curse
 x - 7 scrolls of enchant armour
 A - a scroll of fog
 B - a scroll of amnesia
 C - 3 scrolls of identify
 F - 2 scrolls of fear
Potions
 a - a potion of brilliance
 d - 4 potions of might
 k - a potion of resistance
 s - 4 potions of mutation
 t - 2 potions of curing
 v - 5 potions of cancellation
 G - 2 potions of lignification {unknown}
 K - a potion of berserk rage {unknown}
Comestibles
 f - 19 rations
 I - 8 chunks of flesh


   Skills:
 + Level 11.8 Fighting
 * Level 11.3 Maces & Flails
 - Level 11.2 Armour
 + Level 7.3 Dodging
 - Level 10.2 Shields
 - Level 5.8 Invocations


You had 12 spell levels left.
You didn't know any spells.

Dungeon Overview and Level Annotations

Branches:
Dungeon (14/15)            Temple (0/1) D:7            Lair (0/6) D:10
    Orc (0/2) D:11
 Vaults: D:13-14

Altars:
Cheibriados
Dithmenos
Elyvilon
Fedhas
Hepliaklqana
Okawaru
Qazlal
Uskayaw
Yredelemnul
The Shining One

Shops:
D:8 :


Innate Abilities, Weirdness & Mutations

You are resistant to torment.
Your stone body is resilient. (AC +9)
You are immune to poison.
You resist negative energy. (rN+)
You are resistant to electric shocks. (rElec)
You can survive without breathing.
You are immune to petrification.
You are immune to rotting.


Message History

You hit the skeletal warrior but do no damage.
The skeletal warrior is heavily damaged.
You block the skeletal warrior's attack. x2
You completely miss the skeletal warrior.
The skeletal warrior is heavily damaged.
You block the skeletal warrior's attack.
The skeletal warrior hits you with a scimitar of slicing!
* * * LOW HITPOINT WARNING * * *
x2 You bludgeon the skeletal warrior!!
The skeletal warrior is severely damaged.
Unknown command.
You hit the skeletal warrior but do no damage.
The skeletal warrior is severely damaged.
You block the skeletal warrior's attack. x2
You hit the skeletal warrior but do no damage.
The skeletal warrior is severely damaged.
You block the skeletal warrior's attack.
The skeletal warrior hits you with a scimitar of slicing!
* * * LOW HITPOINT WARNING * * *
You die...

#........# ..
#........#
#........#
#........# #.
##........# #.#
#.........# #.#
#.## #.# #zz# #.#
##@###.# #..#.# ##
##..## ####
#.#####..###).#
#...####.....#####
#....###.........#
##.#(((().(......#
#)#####.........#
#..# #.........#


You could see 2 skeletal warriors.

Vanquished Creatures
  Kirke (D:14)
  Josephine (D:10)
  The ghost of namelastname112 the Cleaver, a journeyman HOWn of Gozag (D:11)
  A hydra (D:12)
  A death knight (D:14)
  2 two-headed ogres
  3 centaur warriors
  The ghost of Graouh the Basher, a novice MiFi (D:6)
  An unseen horror (D:12)
  7 ugly things
  2 manticores
  3 centaur zombies
  The ghost of p0werm0de the Skirmisher, a novice DsFi (D:7)
  A gargoyle (D:12)
  A komodo dragon (D:10)
  2 tengu conjurers (D:14)
  4 trolls
  A hornet (D:8)
  Grinder (D:5)
  3 hippogriffs
  3 shadows
  A vampire (D:12)
  Sigmund (D:6)
  4 wyverns
  A spriggan (shapeshifter) (D:14)
  6 wraiths
  13 yaks
  A human (D:11)
  2 hogs (D:14)
  8 vampire mosquitoes
  5 hungry ghosts
  Edmund (D:6)
  A soldier ant (D:13)
  2 acid dragons
  A water moccasin (D:5)
  Duvessa (D:6)
  Purgy (Sewer)
  7 orc warriors
  A black bear (D:9)
  A sky beast (D:14)
  4 ice beasts
  8 ogres
  3 boggarts (D:12)
  A swamp drake (D:10)
  An eye of draining (D:11)
  3 necrophages
  2 phantoms
  7 centaurs
  A crocodile (D:10)
  Blork the orc (D:6)
  11 bullfrogs
  2 gnoll sergeants
  Dowan (D:6)
  A water moccasin zombie (D:9)
  4 scorpions
  6 wights
  2 howler monkeys (D:9)
  An electric eel (D:12)
  3 bullfrog zombies
  10 crimson imps
  4 bullfrog skeletons
  12 orc priests
  3 centaur skeletons
  7 hounds
  2 jellies
  Jessica (D:3)
  4 iguanas
  16 orc wizards
  5 worker ants
  A killer bee zombie (D:7)
  A hound zombie (D:9)
  2 hound skeletons
  A worker ant zombie (D:10)
  12 gnolls
  8 adders
  2 shadow imps
  3 oozes
  4 worms
  The ghost of p0werm0de the Skirmisher, a weakling DsFi of Ashenzari (D:5)
  2 leopard geckos
  70 orcs
  3 ball pythons
  6 giant cockroaches
  7 goblins
  5 hobgoblins
  15 jackals
  14 kobolds
  4 quokkas
  7 bats
  8 frilled lizards
  2 quokka skeletons (D:8)
  5 rats (D:2)
408 creatures vanquished.

Vanquished Creatures (others)
  A centaur (D:14)
  A big kobold (D:14)
  An orc (D:14)
3 creatures vanquished.

Grand Total: 411 creatures vanquished

Notes
Turn   | Place    | Note
-------+----------+-------------------------------------------
     0 | D:1      | Zhenya24pyc the Gargoyle Fighter began the quest for the Orb.
     0 | D:1      | Reached XP level 1. HP: 14/14 MP: 1/1
   135 | D:1      | Reached XP level 2. HP: 19/19 MP: 2/2
   715 | D:2      | Reached XP level 3. HP: 24/24 MP: 3/3
  1383 | D:2      | Found a blossoming altar of Fedhas.
  1619 | D:3      | Reached XP level 4. HP: 25/29 MP: 4/4
  1717 | D:3      | Noticed a hand axe
  1721 | D:3      | Found a hide-covered altar of Uskayaw.
  1721 | D:3      | Noticed a hand axe
  1833 | D:3      | Reached XP level 5. HP: 24/34 MP: 5/5
  1894 | D:3      | Noticed Jessica
  1900 | D:3      | Killed Jessica
  1988 | D:3      | Found a glowing drain.
  2000 | Sewer    | Entered a sewer
  2081 | Sewer    | Noticed Purgy
  2108 | Sewer    | Killed Purgy
  2108 | Sewer    | Reached XP level 6. HP: 16/40 MP: 6/6
  2740 | D:4      | Reached skill level 5 in Fighting
  2744 | D:4      | Reached skill level 5 in Maces & Flails
  3043 | D:4      | Reached XP level 7. HP: 44/44 MP: 7/7
  3634 | D:4      | Found a basalt altar of Yredelemnul.
  3843 | D:5      | Entered Level 5 of the Dungeon
  4102 | D:5      | Found an iron altar of Okawaru.
  4109 | D:5      | Noticed p0werm0de's ghost (weakling DsFi)
  4110 | D:5      | Became a worshipper of Warmaster Okawaru
  4122 | D:5      | Killed p0werm0de's ghost
  4492 | D:5      | Reached skill level 5 in Armour
  4492 | D:5      | Reached skill level 5 in Shields
  4492 | D:5      | Reached XP level 8. HP: 40/51 MP: 8/8
  4559 | D:5      | Noticed Grinder
  4575 | D:5      | Killed Grinder
  4786 | D:6      | Found a shadowy altar of Dithmenos.
  4824 | D:6      | Noticed Sigmund
  4958 | D:6      | Noticed Edmund
  4973 | D:6      | Killed Edmund
  4973 | D:6      | Reached * piety under Okawaru
  4973 | D:6      | Reached skill level 1 in Dodging
  5141 | D:6      | Noticed Graouh's ghost (novice MiFi)
  5284 | D:6      | Killed Sigmund
  5284 | D:6      | Reached XP level 9. HP: 56/56 MP: 9/9
  5306 | D:6      | Killed Graouh's ghost
  5306 | D:6      | Reached ** piety under Okawaru
  5420 | D:6      | Noticed Duvessa
  5421 | D:6      | Noticed Dowan
  5425 | D:6      | Killed Duvessa
  5436 | D:6      | Killed Dowan
  5569 | D:6      | Noticed Blork the orc
  5587 | D:6      | Killed Blork the orc
  5617 | D:6      | Found a stormy altar of Qazlal.
  5999 | D:7      | Found a stormy altar of Qazlal.
  6265 | D:7      | Noticed p0werm0de's ghost (novice DsFi)
  6282 | D:7      | Killed p0werm0de's ghost
  6282 | D:7      | Reached *** piety under Okawaru
  6282 | D:7      | Reached skill level 1 in Invocations
  6282 | D:7      | Reached XP level 10. HP: 59/64 MP: 11/11
  6431 | D:7      | Found a staircase to the Ecumenical Temple.
  7022 | D:8      | Found Caoskimo's Book Shop.
  7733 | D:8      | Found a glowing golden altar of the Shining One.
  8156 | D:9      | Reached **** piety under Okawaru
  8246 | D:8      | Got a faintly glowing leather armour
  8248 | D:8      | Found a white marble altar of Elyvilon.
  8404 | D:9      | Found a hazy altar of Hepliaklqana.
  8563 | D:9      | Noticed a two-headed ogre
  8576 | D:9      | Killed a two-headed ogre
  8576 | D:9      | Received a gift from Okawaru
  8576 | D:9      | Reached XP level 11. HP: 28/71 MP: 12/14
  8916 | D:9      | Found a snail-covered altar of Cheibriados.
  9189 | D:10     | Entered Level 10 of the Dungeon
  9204 | D:10     | Reached ***** piety under Okawaru
  9204 | D:10     | Reached skill level 5 in Dodging
  9229 | D:10     | Noticed Josephine
  9265 | D:10     | Killed Josephine
  9265 | D:10     | Received a gift from Okawaru
  9265 | D:10     | Reached skill level 5 in Invocations
 10073 | D:10     | Found a staircase to the Lair.
 10373 | D:11     | Paralysed by fainting for 9 turns
 10384 | D:11     | Paralysed by fainting for 7 turns
 10458 | D:11     | Noticed namelastname112's ghost (journeyman HOWn)
 10511 | D:11     | Killed namelastname112's ghost
 10511 | D:11     | Reached skill level 10 in Fighting
 10898 | D:11     | Paralysed by fainting for 8 turns
 10933 | D:11     | Reached XP level 12. HP: 38/77 MP: 16/16
 11130 | D:11     | Found a staircase to the Orcish Mines.
 11354 | D:11     | Reached skill level 10 in Armour
 11897 | D:12     | Got a fine platinum ring
 11904 | D:12     | Identified the ring of Qosmal {Int+2 Slay+3} (You found it on level 12 of the Dungeon)
 12019 | D:12     | Noticed a six-headed hydra
 12033 | D:12     | Killed a six-headed hydra
 12033 | D:12     | Reached skill level 10 in Maces & Flails
 13312 | D:13     | Noticed a centaur warrior
 13326 | D:13     | Killed a centaur warrior
 13403 | D:13     | Noticed a centaur warrior
 13419 | D:13     | Killed a centaur warrior
 13459 | D:13     | Noticed a two-headed ogre
 13470 | D:13     | Killed a two-headed ogre
 13694 | D:13     | Received a gift from Okawaru
 13714 | D:13     | Got a transparent eveningstar {god gift}
 13716 | D:13     | Identified the +6 eveningstar of Hufue {drain, rN++ Dex-2} (Okawaru gifted it to you on level 13 of the Dungeon)
 14012 | D:13     | Reached XP level 13. HP: 84/84 MP: 17/17
 14202 | D:14     | Found a shadowy altar of Dithmenos.
 14257 | D:14     | Reached ****** piety under Okawaru
 14257 | D:14     | Reached skill level 10 in Shields
 14270 | D:14     | Received a gift from Okawaru
 14275 | D:14     | Got an encrusted morningstar {god gift}
 14282 | D:14     | Identified the +2 morningstar of Pifor {venom, rN+ Int+2} (Okawaru gifted it to you on level 14 of the Dungeon)
 14665 | D:14     | Noticed Kirke
 14688 | D:14     | Killed Kirke
 14727 | D:14     | Paralysed by a centaur for 7 turns
 14846 | D:14     | HP: 4/85 [skeletal warrior/scimitar of slicing[a death knight] (12)]
 14846 | D:14     | Slain by a skeletal warrior

Vault maps used:
D:1:      dpeg_arrival_leaves_temple_mockup, kennysheep_small_spiral,
          grunt_decor_one_mirror
D:2:      fedhas_altar_4
D:3:      dancing_weapons_uskayaw, cheibrodos_sewer_entry_bend, uniq_jessica
D:4:      marbit_many_paths
D:5:      first_ration, okawaru_gym_becter, uniq_grinder
D:6:      lemuel_round_altar, basic_altar, uniq_duvessa, uniq_edmund,
          uniq_blork_the_orc, uniq_sigmund
D:7:      lemuel_crystal_altar, minmay_temple_entry_enclosed_plants
D:8:      tso_metal_star, nicolae_overflow_hidden_temple, serial_shops,
          shop_fountains
D:9:      cheibrodos_worm_habitat, lemuel_crystal_altar
D:10:     erik_lair_dragon, uniq_josephine
D:11:     hiddenorc2_lemuel, minmay_misc_feat_four_crosses, hangedman_stone_soup
D:12:     serial_bayou_lagoon_a
D:14:     david_vaults_5, minmay_fountain_box, serial_shops, nicolae_shop_stone,
          st_stairs_8, nicolae_dithmenos_the_darkroom, uniq_kirke
Sewer:    sewer_the_crocodile

Skill      XL: |  1  2  3  4  5  6  7  8  9 10 11 12 13 |
---------------+----------------------------------------+-----
Maces & Flails | 3 4 5 6 7 8 9 10 11 | 11.3
Fighting       | 4 5 6 8 9 10 11 | 11.8
Armour         | 4 5 6 7 8 9 10 11 | 11.2
Shields        | 4 5 6 7 8 9 10 | 10.2
Dodging        | 1 3 4 5 6 7 |  7.3
Invocations    | 1 4 5 |  5.8

Action                   |  1- 3 |  4- 6 |  7- 9 | 10-12 | 13-15 || total
-------------------------+-------+-------+-------+-------+-------++-------
Melee: Flail             |   153 |   225 |   346 |   944 |       ||  1668
       Morningstar       |       |       |       |   225 |   137 ||   362
       Eveningstar       |       |       |       |    53 |    40 ||    93
Invok: Heroism           |       |       |     4 |    15 |     2 ||    21
       Finesse           |       |       |       |     1 |     1 ||     2
 Abil: Evoke Flight      |       |       |       |     1 |       ||     1
       Stop Flying       |       |       |       |     1 |       ||     1
  Use: Scroll            |       |       |    11 |     7 |     4 ||    22
       Potion            |       |       |       |     2 |     4 ||     6
  Eat: Chunk             |     2 |     6 |     7 |    27 |     3 ||    45
       Ration            |       |       |     1 |     4 |       ||     5
Armor: Scale mail        |   112 |   180 |   165 |   570 |    69 ||  1096
Dodge: Dodged            |    56 |    92 |   106 |   541 |    65 ||   860
Block: Shield            |    91 |   143 |   187 |   730 |   108 ||  1259

Table legend:
 A = Spawn XP
 B = Non-spawn XP
 C = Spawn XP percentage of total XP
 D = Spawn monster count
 E = Non-spawn monster count
 F = Spawn count percentage of total count
 G = Total turns spent on level
                    A         B        C        D         E        F      G
               +---------+---------+-------+---------+---------+-------+---------
         Total |       0 |   42780 |   0.0 |       0 |     408 |   0.0 | 14846
               +---------+---------+-------+---------+---------+-------+---------
           D:1 |       0 |      30 |   0.0 |       0 |      15 |   0.0 |   689
           D:2 |       0 |      49 |   0.0 |       0 |      21 |   0.0 |   917
           D:3 |       0 |     148 |   0.0 |       0 |      24 |   0.0 |   881
           D:4 |       0 |     491 |   0.0 |       0 |      18 |   0.0 |  1024
           D:5 |       0 |     694 |   0.0 |       0 |       7 |   0.0 |  1111
           D:6 |       0 |    2359 |   0.0 |       0 |      34 |   0.0 |   922
           D:7 |       0 |    1558 |   0.0 |       0 |      34 |   0.0 |   934
           D:8 |       0 |    1666 |   0.0 |       0 |      33 |   0.0 |  1360
           D:9 |       0 |    2902 |   0.0 |       0 |      25 |   0.0 |  1019
          D:10 |       0 |    5209 |   0.0 |       0 |      32 |   0.0 |  1147
          D:11 |       0 |    5426 |   0.0 |       0 |      67 |   0.0 |  1425
          D:12 |       0 |    4549 |   0.0 |       0 |      25 |   0.0 |  1362
          D:13 |       0 |    7265 |   0.0 |       0 |      36 |   0.0 |  1078
          D:14 |       0 |   10288 |   0.0 |       0 |      31 |   0.0 |   645
         Sewer |       0 |     146 |   0.0 |       0 |       6 |   0.0 |   332
               +---------+---------+-------+---------+---------+-------+---------
